 Dungeon Crawl Stone Soup version 0.28-a0-1624-g820543e53a (webtiles) character file.

Game seed: 8177402862555326763

51 HallandMoats the Bolt Thrower (level 3, 31/31 HPs)
             Began as a Ghoul Hunter on Jan 23, 2022.
             Was an Initiate of Yredelemnul.
             Safely got out of the dungeon.
             The game lasted 00:02:20 (1683 turns).

HallandMoats the Bolt Thrower (Ghoul Hunter)        Turns: 1683, Time: 00:02:21

Health: 31/31      AC:  9    Str: 15    XL:     3   Next: 81%
Magic:  2/2        EV:  7    Int:  6    God:    Yredelemnul [......]
Gold:   86         SH:  0    Dex: 17    Spells: 2/2 levels left

rFire   . . .      SeeInvis +   a - +1 hand crossbow
rCold   + . .      Faith    .   (no shield)
rNeg    + + +      Spirit   .   k - +0 chain mail
rPois   ∞          Reflect  .   (no helmet)
rElec   .          Harm     .   (no cloak)
rCorr   .          Rampage  .   (no gloves)
Will    .....                   d - +0 pair of boots
Stlth   ..........              (no amulet)
HPRegen 0.10/turn               e - ring of see invisible
MPRegen 0.08/turn               j - +6 ring of dexterity

@: no status effects
A: claws 1, cold resistance 1, negative energy resistance 3, inhibited
regeneration, torment resistance 2
a: Renounce Religion, Recall Undead Harvest


You escaped.
You worshipped Yredelemnul.
Yredelemnul was noncommittal.
You visited 1 branch of the dungeon, and saw 2 of its levels.

You collected 86 gold pieces.

Inventory:

Hand Weapons
 a - a +1 hand crossbow (weapon)
 b - a +0 short sword
Missiles
 h - 14 bolts (quivered ammo)
Armour
 d - a +0 pair of boots (worn)
 k - a +0 chain mail (worn)
Jewellery
 e - a ring of see invisible (left claw)
 j - a +6 ring of dexterity (right claw)
Scrolls
 c - a scroll of immolation {unknown}
 f - a scroll of torment {unknown}
 l - a scroll of amnesia {unknown}
 m - 2 scrolls of identify {unknown}
 n - a scroll of magic mapping {unknown}
Potions
 g - a potion of brilliance {unknown}
 i - a potion of heal wounds {unknown}
 o - a potion of curing {unknown}


   Skills:
 * Level 3.0 Fighting
 * Level 4.1 Crossbows
 + Level 1.0 Armour
 + Level 2.1 Dodging
 - Level 1.1 Stealth


You had 2 spell levels left.
You didn't know any spells.
Your spell library contained the following spells:

 Spells                   Type           Power      Damage    Failure   Level
 Sandblast                Erth           0%         2d4       100%        1
 Passwall                 Tmut/Erth      0%         N/A       100%        2
 Stone Arrow              Conj/Erth      0%         3d7       100%        3


Dungeon Overview and Level Annotations

Branches:
Dungeon (2/15)

Altars:
Vehumet
Yredelemnul


Innate Abilities, Weirdness & Mutations

You thrive by killing the living.
You are immune to poison.
You have sharp fingernails.
Your flesh is cold resistant. (rC+)
You are immune to negative energy. (rN+++)
You do not regenerate when monsters are visible.
You are immune to unholy pain and torment.


Message History

No target in view!
Found a stone staircase leading up.
No target in view!
o - an inky potion No target in view!
There is a stone staircase leading up here.
Done exploring.
No target in view!
Done exploring.
No target in view!
Done exploring.
No target in view!
Done exploring.
No target in view!
Done exploring.
No target in view!
You swap places.
There is a stone staircase leading up here.
You swap places.
You swap places.
You see here the +2 robe of Catatonia {Contam rC+ Dex+4}.
Done exploring.
Done exploring.
Done exploring.
Done exploring.
(D) Dungeon
Where to? (Enter - D:2, ? - help)
What level of the Dungeon? (default 1, ? - help)
You swap places.
You swap places.
You swap places.
There is a stone staircase leading up here.
You climb upwards.
Your mindless puppet stays behind to rot.
There is a stone staircase leading down here.
You see here a +0 hunting sling.
There is an open door here.
There is a staircase leading out of the dungeon here.
Are you sure you want to leave the Dungeon?
This will make you lose the game!
You have escaped!

.#########...#...........#.#..#
.........#...#.###.......#.#.†###
.#######.###.#.#...........#.....
.#.......# #.#.#......>..####.##.
.#.#########.#.#..#...........##.
.#.# #.........#....#..###.#####.
.#.###.####................# #.
.#.....# #..######.########## #.
.##########..##.@#..........# #.
>).....#..'...#..#.#.######.####.
.#####.#..##..#..#...######....#.
.# #.#..##..'..######...#....#.
.# #.#####..##'# #.#.#....#. ##
#.######..+)# #.#.#......
#.#....#..### ##....##..##
#.#....'...# #..........#
#.#######..### ##.####.###.#


There were no monsters in sight!

Vanquished Creatures
  A worm (D:2)
  3 dart slugs
  4 endoplasms (D:1)
  A giant cockroach (D:2)
  2 goblins (D:1)
  5 hobgoblins
  3 jackals (D:1)
  3 kobolds
  2 quokkas
  4 ball pythons (D:1)
  4 bats (D:1)
  4 frilled lizards
  2 rats (D:1)
38 creatures vanquished.

Vanquished Creatures (collateral kills)
  A ball python (D:2)
1 creature vanquished.

Grand Total: 39 creatures vanquished

Notes
Turn   | Place    | Note
-------+----------+-------------------------------------------
     0 | D:1      | HallandMoats the Ghoul Hunter began the quest for the Orb.
     0 | D:1      | Reached XP level 1. HP: 17/17 MP: 0/0
   122 | D:1      | Reached XP level 2. HP: 25/25 MP: 1/1
   208 | D:1      | Reached XP level 3. HP: 24/30 MP: 2/2
   261 | D:1      | Reached skill level 4 in Crossbows
   939 | D:1      | Found a faded altar of an unknown god.
  1126 | D:1      | Prayed at the altar of an unknown god.
  1126 | D:1      | Became a worshipper of Yredelemnul the Dark
  1126 | D:1      | Reached * piety under Yredelemnul
  1180 | D:2      | Reached skill level 1 in Armour
  1531 | D:2      | Found a radiant altar of Vehumet.
  1604 | D:2      | Identified the +2 robe of Catatonia {Contam rC+ Dex+4}
  1683 | D:$      | Safely got out of the dungeon.

Illustrated notes

Levels and vault maps discovered:
D:1:      dpeg_arrival_short_road, layout_basic,
          chequers_ecumenical_altar_simple, minmay_octomino_c4
D:2:      layout_loops_ring, basic_altar

Skill      XL: |  1  2  3 |
---------------+----------+-----
Dodging        | 2 |  2.1
Crossbows      | 4 |  4.1
Fighting       | 3 |  3.0
Armour         | 1 |  1.0
Stealth        | |  1.1

Action                   || total
-------------------------++-------
Melee: Short sword       ||    28
       Punch             ||     3
 Fire: Hand crossbow     ||    78
Armor: Leather armour    ||    12
       Chain mail        ||    10
Dodge: Dodged            ||    44

Table legend: (Time is in decaauts)
 A = Elapsed time spent in this place.
 B = Non-inter-level travel time spent in this place.
 C = Inter-level travel time spent in this place.
 D = Time resting spent in this place.
 E = Time spent auto-exploring this place.
 F = Levels seen in this place.
 G = Mean time per level.
                   A        B        C        D        E       F      G
               +--------+--------+--------+--------+--------+-----+--------+
         Total |   1709 |   1570 |    139 |      0 |   1225 |   2 |  854.5 |
       Dungeon |   1709 |   1570 |    139 |      0 |   1225 |   2 |  854.5 |
               +--------+--------+--------+--------+--------+-----+--------+

Top non-repeatable levels by time:
     D:1: 1068 daAuts
     D:2: 640 daAuts
